 Dungeon Crawl Stone Soup version 0.27-a0-1136-g0b992a5a9d (webtiles) character file.

Game seed: 2525960422012622089

189889 robertstho the Warrior (level 17, -3/170 HPs)
             Began as a Minotaur Berserker on May 4, 2021.
             Was the Champion of Trog.
             Slain by a nagaraja
             ... wielding a +0 whip
              (4 damage)
             ... on level 4 of the Snake Pit.
             The game lasted 00:48:20 (30773 turns).

robertstho the Warrior (Minotaur Berserker)        Turns: 30773, Time: 00:48:21

Health: -3/170     AC: 32    Str: 28    XL:     17   Next: 52%
Magic:  25/25      EV:  7    Int:  5    God:    Trog [******]
Gold:   1607       SH:  5    Dex: 10    Spells: 16/16 levels left

rFire    + . .     SeeInvis .   z - +8 glaive of the Guard {elec, spectral, AC+5}
rCold    + . .     Faith    .   (shield currently unavailable)
rNeg     . . .     Spirit   .   O - +3 plate armour {rPois}
rPois    +         Reflect  +   x - +1 hat
rElec    +         Harm     .   A - +0 cloak
rCorr    +         Rampage  .   u - +0 pair of gloves
Will     ++++.                  r - +0 pair of boots {Fly}
Stlth    ..........             w - amulet of Weipt {Reflect SH+5 Stlth+}
HPRegen  1.38/turn              f - ring of willpower
MPRegen  0.19/turn              R - ring of magical power

@: resistant, weakened, strong-willed, on berserk cooldown, flying,
regenerating, slowed, constricted, very slow
A: horns 2, retaliatory headbutt
}: 1/15 runes: decaying
a: Renounce Religion, Berserk, Trog's Hand, Brothers in Arms


You were on level 4 of the Snake Pit.
You worshipped Trog.
Trog was exalted by your worship.
You visited 5 branches of the dungeon, and saw 26 of its levels.
You also visited: Sewer, Ossuary and Volcano.

You collected 3599 gold pieces.
You spent 1992 gold pieces at shops.

Inventory:

Hand Weapons
 e - a +3 antimagic battleaxe
 h - a +0 war axe of draining
 z - the +8 glaive of the Guard (weapon) {elec, spectral, AC+5}
   (You found it on level 1 of the Lair of Beasts)

   Occasionally, upon striking a foe, it can discharge electrical energy and
   cause terrible harm.
   When it strikes, its spirit leaps out and fights alongside the wielder.
   It affects your AC (+5).
 H - the +8 frozen axe "Frostbite" {freezing cloud, *Noise Fly rC+}
   (Trog gifted it to you on level 4 of the Lair of Beasts)

   It has been specially enchanted to freeze those struck by it, causing extra
   injury to most foes and up to half again as much damage against particularly
   susceptible opponents.
   It can also slow down cold-blooded creatures.
   It protects you from cold.
   It grants you flight.
   It may make noises in combat.
Missiles
 g - a throwing net
 y - 7 curare-tipped darts
Armour
 c - a +1 plate armour of fire resistance
 r - a +0 pair of boots of flying (worn)
 u - a +0 pair of gloves (worn)
 x - a +1 hat (worn)
 A - a +0 cloak (worn)
 O - a +3 plate armour of poison resistance (worn)
Jewellery
 f - a ring of willpower (left hand)
 w - the amulet of Weipt (around neck) {Reflect SH+5 Stlth+}
   (You bought it in a shop on level 2 of the Orcish Mines)

   [amulet of reflection]

   It reflects blocked missile attacks.
   It affects your SH (+5).
   It makes you more stealthy.
 D - an amulet of regeneration
 G - an amulet of guardian spirit
 L - an amulet of the acrobat
 N - a ring of ice
 R - a ring of magical power (right hand)
Wands
 o - a wand of iceblast (43)
 K - a wand of mindburst (22)
 T - a wand of acid (4)
Scrolls
 d - 2 scrolls of summoning
 k - 2 scrolls of fog
 m - a scroll of magic mapping
 s - 8 scrolls of teleportation
 t - 3 scrolls of enchant armour
 v - 4 scrolls of enchant weapon
 J - 2 scrolls of holy word
 M - 2 scrolls of silence
 P - a scroll of immolation
 S - a scroll of blinking
 U - 3 scrolls of identify
Potions
 a - 8 potions of curing
 i - 2 potions of mutation
 j - 5 potions of attraction
 n - 3 potions of haste
 p - 3 potions of ambrosia
 B - 2 potions of cancellation
 C - 2 potions of resistance
 E - a potion of magic
 I - 3 potions of might
Miscellaneous
 b - a lightning rod (4/4)
 q - a tin of tremorstones (2/2)
 F - a condenser vane


   Skills:
 * Level 19.8 Fighting
 + Level 14.3(18.1) Axes
 + Level 18.5(20.1) Polearms
 * Level 18.3 Armour
 + Level 6.7 Dodging
 + Level 3.7 Stealth
 + Level 4.1 Shields
 + Level 0.4 Evocations


You had 16 spell levels left.
You didn't know any spells.
Your spell library was empty.

Dungeon Overview and Level Annotations

Branches:
Dungeon (10/15)            Temple (0/1) D:5            Lair (6/6) D:8
  Swamp (4/4) Lair:3        Snake (4/4) Lair:3        Slime (0/5) Lair:5
    Orc (2/2) D:10            Elf (0/3) Orc:2         Sewer (visited)
Ossuary (visited)         Volcano (visited)

Altars:
Cheibriados
Dithmenos
Kikubaaqudgha
Makhleb
Nemelex Xobeh
Okawaru
Qazlal
Uskayaw
Vehumet
Wu Jian
Xom
Yredelemnul
The Shining One
Beogh
Jiyva

Shops:
D:4 !   D:7 ?   Orc:2 !!*=   Snake:3 :=

Annotations:
Lair:5 1 runed translucent door
Snake:2 1 transporter


Innate Abilities, Weirdness & Mutations

You have a pair of horns on your head.
You reflexively headbutt those who attack you in melee.


Message History

You hear a shout!
You feel protected.
The nagaraja hits you but does no damage.
* * * LOW HITPOINT WARNING * * *
The nagaraja constricts you.
The salamander tyrant gazes fiercely through you!
You feel as though you will be weak longer.
The salamander tyrant hits you but does no damage.
The salamander shoots an arrow.
The arrow hits your stone giant! The arrow burns your stone giant.
Your stone giant hits the salamander!
The nagaraja casts a spell at you.
The poison arrow reflects off an invisible shield around you!
The poison arrow misses the nagaraja.
* * * LOW HITPOINT WARNING * * *
The nagaraja constricts you.
You block the salamander tyrant's attack.
The nagaraja hits you but does no damage.
* * * LOW HITPOINT WARNING * * *
The nagaraja constricts you.
The salamander unwields a +3 shortbow of flaming.
It stops flaming.
The salamander hits your stone giant.
Your stone giant is engulfed in flames!
Your stone giant hits the salamander!!!
The salamander dies!
Trog accepts your kill. You block the nagaraja's attack.
* * * LOW HITPOINT WARNING * * *
The nagaraja constricts you.
You block the salamander tyrant's attack.
The naga mage hits your stone giant but does no damage.
Your stone giant hits the naga mage.
Your skin crawls.
You feel strong-willed.
The nagaraja hits you but does no damage.
* * * LOW HITPOINT WARNING * * *
The nagaraja constricts you.
The naga mage hits your stone giant but does no damage.
The salamander tyrant hits you but does no damage.
The nagaraja hits you with a +0 whip!
* * * LOW HITPOINT WARNING * * *
You die...

..N ##........#...# ...N
#.............#
#...N#..#....N#....#
#.ยง.NN............^# #.....#
#)NN..........# #.....#
#.NN))........#
#.....############)..##...#####
#................CN...)...)....
###.............@N.)........<....
.................N...............
.............(.............######
...........................#...#.
####...........####.#'#....#.....
##........## ###.###..#.#...
#........# ..< #..######
....'#.......# .# .....
.....#.....<.# .....


You could see a nagaraja (fast, curare, catching breath), a salamander tyrant, a
naga mage (fast, curare, ally target) and a friendly stone giant (summoned,
berserk, very poisoned, slow).

Vanquished Creatures
  Frances (Swamp:2)
  2 nagarajas
  An orc warlord (Orc:1)
  A red draconian (Volcano)
  4 bunyips
  An eleionoma (Swamp:3)
  A shambling mangrove (Swamp:4)
  A salamander tyrant (Snake:2)
  22 hydras
  A boulder beetle (Lair:4)
  11 naga warriors
  3 ogre magi (Orc:2)
  A centaur warrior (Volcano)
  7 anacondas
  16 two-headed ogres
  10 alligators
  A death yak (Lair:4)
  9 shock serpents
  6 naga sharpshooters
  2 salamander mystics
  4 goliath frogs
  4 spriggan druids
  2 naga ritualists
  3 bog bodies
  9 swamp dragons
  A lindwurm (Lair:5)
  Pikel (D:8)
  4 will-o-the-wisps
  13 salamanders
  An orc sorcerer (Orc:2)
  2 mana vipers (Snake:3)
  3 elephants (Lair:5)
  4 guardian serpents
  26 black mambas
  34 cane toads
  Maurice (D:10)
  18 naga magi
  2 yaktaurs (Volcano)
  17 komodo dragons
  Psyche (D:8)
  6 rime drakes
  4 trolls (Orc:1)
  10 tyrant leeches
  2 bloated husks
  15 hornets
  34 blink frogs
  4 polar bears
  7 dream sheep (Lair:4)
  5 slime creatures (D:10)
  16 spriggans
  A wraith (D:10)
  5 basilisks
  45 yaks
  4 wyverns
  3 fire bats (Orc:1)
  9 vampire mosquitoes
  2 steam dragons
  15 swamp worms
  30 nagas
  6 wargs
  2 acid dragons
  16 water moccasins
  16 orc warriors
  2 sky beasts
  10 swamp drakes
  22 ogres
  12 wolves
  2 phantoms (D:5)
  4 centaurs
  An elf zombie (Ossuary)
  3 kobold brigands
  2 gnoll sergeants
  22 bullfrogs
  3 wyvern zombies
  3 scorpions
  2 water moccasin skeletons
  5 killer bees (D:10)
  6 wights
  2 electric eels
  5 vampire bats
  9 centaur zombies
  A bullfrog zombie (D:5)
  2 human zombies (Ossuary)
  2 lava snakes (Lair:1)
  A bullfrog skeleton (D:5)
  A hound (D:5)
  A gnoll shaman (D:10)
  16 orc priests
  2 centaur skeletons
  3 iguanas
  12 orc wizards
  A killer bee zombie (D:8)
  2 hound zombies (Ossuary)
  4 mummies
  A howler monkey zombie (D:6)
  16 gnolls
  2 howler monkey skeletons
  6 adders
  2 river rats (Sewer)
  3 shadow imps
  A white imp (D:6)
  An ufetubus (D:4)
  3 adder zombies (Ossuary)
  2 worms
  A dart slug (D:4)
  65 orcs
  2 bat skeletons (D:9)
  5 bat zombies (D:9)
  8 endoplasms
  2 giant cockroaches
  7 goblins
  4 hobgoblins (D:1)
  4 jackals
  4 quokkas
  6 ball pythons
  10 bats
  2 frilled lizards
  A gnoll zombie (Ossuary)
  3 goblin zombies (Ossuary)
  4 hobgoblin zombies
  4 jackal zombies (Ossuary)
  18 kobolds
  6 kobold zombies (Ossuary)
  An orc zombie (D:4)
  3 quokka zombies (Ossuary)
  6 rats
  4 rat zombies (Ossuary)
  2 butterflies (Lair:3)
880 creatures vanquished.

Vanquished Creatures (collateral kills)
  the Lernaean hydra (Swamp:4)
  Aizul (Snake:4)
  2 hydras (Swamp:4)
  An ogre mage (Orc:2)
  2 death yaks (Lair:4)
  3 two-headed ogres (Orc:2)
  2 swamp dragons (Swamp:4)
  A salamander (Snake:4)
  A black mamba (Lair:4)
  3 naga magi (Snake:4)
  2 cane toads (Lair:5)
  A komodo dragon (Lair:4)
  4 yaks (D:8)
  Grum (D:8)
  An acid dragon (D:8)
  An ogre (Orc:2)
27 creatures vanquished.

Vanquished Creatures (others)
  An alligator (Swamp:2)
  A bloated husk (Swamp:2)
  An orc (D:10)
  5 bushes (D:8)
  10 foxfires (Swamp:2)
  49 fungi
  163 plants
230 creatures vanquished.

Grand Total: 1137 creatures vanquished

Notes
Turn   | Place    | Note
-------+----------+-------------------------------------------
     0 | D:1      | robertstho the Minotaur Berserker began the quest for the
                  | Orb.
     0 | D:1      | Reached XP level 1. HP: 19/19 MP: 0/0
   313 | D:1      | Reached XP level 2. HP: 24/27 MP: 1/1
   528 | D:1      | Found a faded altar of an unknown god.
   550 | D:1      | Reached skill level 4 in Fighting
   894 | D:2      | Reached XP level 3. HP: 34/34 MP: 2/2
   989 | D:2      | Reached ** piety under Trog
  1342 | D:2      | Found a basalt altar of Yredelemnul.
  1522 | D:3      | Reached XP level 4. HP: 35/41 MP: 3/3
  2179 | D:3      | Found a stormy altar of Qazlal.
  2221 | D:3      | Found a glowing golden altar of the Shining One.
  2538 | D:4      | Reached skill level 5 in Fighting
  2620 | D:4      | Reached XP level 5. HP: 37/48 MP: 4/4
  2643 | D:4      | Found a sand-covered staircase.
  2649 | Ossuary  | Entered an ossuary
  2697 | Ossuary  | Reached *** piety under Trog
  2706 | Ossuary  | Reached skill level 5 in Axes
  2754 | Ossuary  | Reached XP level 6. HP: 55/56 MP: 5/5
  2943 | Ossuary  | Reached **** piety under Trog
  2955 | Ossuary  | Reached skill level 6 in Fighting
  3022 | Ossuary  | Reached XP level 7. HP: 49/63 MP: 6/6
  3131 | Ossuary  | Reached skill level 5 in Armour
  3342 | D:4      | Found Zumadi's Distillery.
  3364 | D:4      | Bought a potion of flight for 36 gold pieces
  3364 | D:4      | Bought a potion of curing for 36 gold pieces
  3364 | D:4      | Bought a potion of lignification for 36 gold pieces
  3364 | D:4      | Bought a potion of degeneration for 12 gold pieces
  3364 | D:4      | Bought a potion of berserk rage for 60 gold pieces
  3509 | D:5      | Entered Level 5 of the Dungeon
  3736 | D:5      | Found a staircase to the Ecumenical Temple.
  3765 | D:5      | Reached skill level 7 in Fighting
  3806 | D:5      | Reached XP level 8. HP: 40/73 MP: 7/7
  4021 | D:5      | Found a shimmering altar of Xom.
  4031 | D:5      | Reached ***** piety under Trog
  4644 | D:6      | Found a glowing drain.
  4661 | Sewer    | Entered a sewer
  4815 | Sewer    | Found a glowing silver altar of Zin.
  4952 | D:6      | Identified the +0 scale mail of Intercession {rF+}
  5151 | D:6      | Reached skill level 8 in Fighting
  5732 | D:6      | Reached XP level 9. HP: 74/82 MP: 8/8
  6049 | D:7      | Found Aphufer's Magic Scroll Boutique.
  6058 | D:7      | Bought a scroll of teleportation for 45 gold pieces
  6058 | D:7      | Bought a scroll of identify for 30 gold pieces
  6058 | D:7      | Bought a scroll of identify for 30 gold pieces
  6191 | D:7      | Reached skill level 9 in Fighting
  6624 | D:7      | Found an iron altar of Okawaru.
  6675 | D:8      | Noticed Psyche
  6680 | D:8      | Killed Psyche
  6681 | D:8      | Reached skill level 10 in Axes
  6973 | D:8      | Reached skill level 1 in Stealth
  6985 | D:8      | Found an ornate altar of the Wu Jian Council.
  7030 | D:8      | Reached skill level 10 in Armour
  7034 | D:8      | Noticed Grum
  7040 | D:8      | Reached skill level 10 in Fighting
  7043 | D:8      | Reached XP level 10. HP: 56/93 MP: 9/9
  7045 | D:8      | Killed Grum
  7183 | D:8      | Received a gift from Trog
  7212 | D:8      | Found a staircase to the Lair.
  7377 | D:8      | Noticed Pikel
  7382 | D:8      | Killed Pikel
  7383 | D:8      | Reached skill level 11 in Fighting
  7734 | D:8      | Found a hide-covered altar of Uskayaw.
  7735 | D:8      | Found a burning altar of Makhleb.
  8358 | D:9      | Found an ancient bone altar of Kikubaaqudgha.
  8469 | D:9      | Reached XP level 11. HP: 104/104 MP: 3/10
  8801 | D:9      | Found a snail-covered altar of Cheibriados.
  9067 | D:9      | Found a shadowy altar of Dithmenos.
  9067 | D:9      | Found a sparkling altar of Nemelex Xobeh.
  9341 | Lair:1   | Entered Level 1 of the Lair of Beasts
  9344 | Lair:1   | Found the +8 glaive of the Guard {elec, spectral, AC+5}
  9590 | Lair:1   | Reached skill level 12 in Fighting
  9590 | Lair:1   | Reached skill level 1 in Polearms
  9911 | Lair:1   | Reached skill level 5 in Dodging
 10252 | Lair:1   | Found an ornate altar of the Wu Jian Council.
 10620 | Lair:2   | Reached skill level 5 in Polearms
 11048 | Lair:2   | Noticed a six-headed hydra
 11053 | Lair:2   | Killed a seven-headed hydra
 11059 | Lair:2   | Reached XP level 12. HP: 113/113 MP: 8/11
 12195 | Lair:3   | Reached skill level 13 in Fighting
 12671 | Lair:3   | Found a staircase to the Snake Pit.
 12869 | Lair:3   | Noticed a four-headed hydra
 12874 | Lair:3   | Killed a seven-headed hydra
 12876 | Lair:3   | Found a staircase to the Swamp.
 12879 | Lair:3   | Reached skill level 10 in Polearms
 13427 | Lair:4   | Noticed a four-headed hydra
 13441 | Lair:4   | Killed a nine-headed hydra
 13445 | Lair:4   | Received a gift from Trog
 13446 | Lair:4   | Found the +8 frozen axe "Frostbite" {freezing cloud, *Noise
                  | Fly rC+}
 13932 | Lair:4   | Noticed a death yak
 13932 | Lair:4   | Noticed a death yak
 13932 | Lair:4   | Noticed a death yak
 13938 | Lair:4   | Killed a death yak
 13939 | Lair:4   | Reached skill level 14 in Fighting
 13939 | Lair:4   | Reached XP level 13. HP: 72/124 MP: 5/12
 15259 | Lair:5   | Found a runed translucent door.
 15259 | Lair:5   | Found a viscous altar of Jiyva.
 15265 | Lair:5   | Found a staircase to the Slime Pits.
 16043 | Lair:6   | Entered Level 6 of the Lair of Beasts
 16494 | Lair:6   | Reached skill level 15 in Fighting
 16651 | Lair:6   | Reached XP level 14. HP: 108/135 MP: 11/13
 17469 | D:4      | Bought a potion of curing for 36 gold pieces
 17469 | D:4      | Bought a potion of resistance for 120 gold pieces
 17538 | D:7      | Bought a scroll of teleportation for 45 gold pieces
 17538 | D:7      | Bought a scroll of teleportation for 45 gold pieces
 17538 | D:7      | Bought a scroll of fear for 52 gold pieces
 17538 | D:7      | Bought a scroll of vulnerability for 112 gold pieces
 17828 | Lair:6   | Reached skill level 16 in Fighting
 18665 | D:10     | Entered Level 10 of the Dungeon
 18711 | D:10     | Received a gift from Trog
 18736 | D:10     | Found a basalt altar of Yredelemnul.
 18742 | D:10     | Found a radiant altar of Vehumet.
 18999 | D:10     | Noticed Maurice
 19006 | D:10     | Killed Maurice
 19064 | D:10     | Found a staircase to the Orcish Mines.
 19599 | Orc:1    | Entered Level 1 of the Orcish Mines
 19601 | Orc:1    | Noticed an orc warlord
 19613 | Orc:1    | Killed an orc warlord
 19630 | Orc:1    | Reached ****** piety under Trog
 19643 | Orc:1    | Found a dark tunnel.
 19657 | Volcano  | Entered a volcano
 20071 | Orc:2    | Entered Level 2 of the Orcish Mines
 20081 | Orc:2    | Received a gift from Trog
 20243 | Orc:2    | HP: 4/138 [two-headed ogre/+0 giant club (14)]
 20250 | Orc:2    | Reached skill level 17 in Fighting
 20250 | Orc:2    | Reached skill level 15 in Armour
 20252 | Orc:2    | Reached XP level 15. HP: 54/147 MP: 2/14
 20393 | Orc:2    | Found Viohufe's Assorted Antiques.
 20393 | Orc:2    | Found Irchao's Jewellery Emporium.
 20395 | Orc:2    | Found Ucryhit's Distillery.
 20395 | Orc:2    | Found Qiwa's Distillery.
 20415 | Orc:2    | Bought the amulet of Weipt {Reflect SH+5 Stlth+} for 517
                  | gold pieces
 20483 | Orc:2    | Received a gift from Trog
 20568 | Orc:2    | Found a staircase to the Elven Halls.
 20871 | Orc:2    | Reached skill level 15 in Polearms
 21312 | D:7      | Bought a scroll of acquirement for 780 gold pieces
 21312 | D:7      | Acquired 597 gold pieces
 21942 | Swamp:1  | Entered Level 1 of the Swamp
 22722 | Swamp:1  | Identified the +0 ring mail of Midwinter {rPois rC+}
 22768 | Swamp:2  | Noticed Frances
 22776 | Swamp:2  | Killed Frances
 22991 | Swamp:2  | Reached skill level 1 in Shields
 23665 | Swamp:3  | Reached skill level 18 in Fighting
 24157 | Swamp:3  | Received a gift from Trog
 24481 | Swamp:4  | Entered Level 4 of the Swamp
 24491 | Swamp:4  | Reached XP level 16. HP: 140/157 MP: 15/15
 24724 | Swamp:4  | Noticed the 27-headed Lernaean hydra
 24763 | Swamp:4  | Killed the 27-headed Lernaean hydra
 25662 | Swamp:4  | Got a decaying rune of Zot
 26028 | Snake:1  | Entered Level 1 of the Snake Pit
 26091 | Snake:1  | Received a gift from Trog
 27195 | Snake:2  | Reached skill level 19 in Fighting
 27775 | Snake:2  | Found a radiant altar of Vehumet.
 27777 | Snake:2  | Found a transporter.
 28228 | Snake:3  | Reached XP level 17. HP: 94/168 MP: 16/16
 28553 | Snake:3  | Found Hoteidec's Jewellery Shop.
 29587 | Snake:3  | Found Comas's Book Shoppe.
 29587 | Snake:3  | Found Zeme's Jewellery Shop.
 29829 | Snake:3  | Identified the Guide on Flying Earth
 30123 | Snake:4  | Entered Level 4 of the Snake Pit
 30123 | Snake:4  | Noticed Aizul
 30140 | Snake:4  | Killed Aizul
 30773 | Snake:4  | HP: 1/170 [nagaraja/+0 whip (10)]
 30773 | Snake:4  | Slain by a nagaraja

Illustrated notes

Levels and vault maps discovered:
D:1:      dpeg_arrival_solitude, layout_basic, ebering_ecumenical_altar_mist
D:2:      layout_basic, basic_altar, minmay_unequal
D:3:      layout_loops_corners, lemuel_tele_altar, lemuel_crystal_altar,
          serial_park_tiny_2, nrook_campfire, corexii_corridor_pit,
          minivault_24, minmay_misc_feat_iff
D:4:      layout_rooms, nicolae_ossuary_entry_giza, serial_shops, shop_fountains
D:5:      layout_rooms, tgw_xom, minmay_temple_entry_statues_fountains
D:6:      wander_river, layout_loops_ring, cheibrodos_sewer_entry_bend
D:7:      layout_cave_pools, kennysheep_mini_moat, serial_shops,
          nicolae_shop_trees, minmay_diced_spiral
D:8:      layout_cave_pools, nicolae_overflow_hidden_temple,
          minmay_lair_entry_grove, uniq_grum, uniq_pikel, uniq_psyche
D:9:      layout_long_grid, old_standard_altar, kennysheep_vampire_church,
          gammafunk_temple_overflow_pools
D:10:     layout_long_grid, grunt_temple_overflow_open, david_orc_1_choice,
          grunt_decor_resistance, grunt_potential, uniq_maurice
Lair:1:   layout_gridlike, basic_altar, serial_bayou_shore_a
Lair:2:   layout_layer_cave, grunt_megastairs_3
Lair:3:   layout_roguey, nicolae_swamp_entry_splash_gauntlet,
          minmay_snake_entry_guardpost_small, infiniplex_staircase_pool_2,
          lemuel_fruit_fields
Lair:4:   layout_roguey, minivault_26, grunt_megastairs_4
Lair:5:   layout_roguey, slime_altar_2
Lair:6:   minmay_lair_end_frog_pond, layout_loops_ring, st_stairs_11
Swamp:1:  layout_falls_marsh, infiniplex_staircase_pool
Swamp:2:  layout_basic_swamp, nicolae_swamp_oxbows, uniq_frances
Swamp:3:  layout_falls_marsh, hangedman_swamp_lotus, swamp_pool5
Swamp:4:  swamp_old_school, layout_basic_swamp
Snake:1:  layout_gridlike, drop_trap, grunt_megastairs_1
Snake:2:  gammafunk_sealed_library, layout_misc_corridors,
          nicolae_snake_squiggles
Snake:3:  layout_chambers, special_room, lemuel_fruit_tree, minmay_shop_grove
Snake:4:  snake_pit, layout_cave_town, hangedman_venom_bottle, uniq_asterion,
          uniq_aizul
Orc:1:    layout_diamond_mine, basic_altar, nicolae_volcano_entry_batcave
Orc:2:    st_orc_ogre_mass, layout_caves, roderic_batcave, minmay_orc_temple_a

Skill      XL: |  1  2  3  4  5  6  7  8  9 10 11 12 13 14 15 16 17 |
---------------+----------------------------------------------------+-----
Fighting       | 4 5 6 7 8 10 11 12 14 15 17 18 19 | 19.8
Axes           | 4 5 6 7 9 10 11 12 14 | 14.3
Armour         | 3 4 6 8 10 11 12 13 14 15 16 17 18 | 18.3
Dodging        | 3 4 5 6 |  6.7
Stealth        | 1 2 3 |  3.7
Polearms       | 7 11 14 16 17 18 | 18.5
Shields        | 1 3 4 |  4.1
Evocations     | |  0.4

Action                   |  1- 3 |  4- 6 |  7- 9 | 10-12 | 13-15 | 16-18 || total
-------------------------+-------+-------+-------+-------+-------+-------++-------
Melee: Hand axe          |    59 |     2 |       |       |       |       ||    61
       Headbutt          |    14 |    20 |    49 |    52 |    91 |    47 ||   273
       War axe           |       |   143 |   291 |    33 |       |       ||   467
       Unarmed           |       |       |     1 |       |       |       ||     1
       Battleaxe         |       |       |       |    66 |       |       ||    66
       Glaive            |       |       |       |   165 |   523 |   348 ||  1036
       Executioner's axe |       |       |       |    12 |    78 |       ||    90
Invok: Berserk           |     1 |     1 |     8 |     9 |    16 |     4 ||    39
       Trog's Hand       |       |       |     2 |     2 |     6 |     4 ||    14
       Brothers in Arms  |       |       |     1 |       |     4 |     4 ||     9
Evoke: Wand              |       |       |       |       |     2 |     2 ||     4
       Condenser vane    |       |       |       |       |     1 |     1 ||     2
  Use: Scroll            |       |     3 |     7 |     8 |     7 |     7 ||    32
       Potion            |       |       |       |       |     4 |     9 ||    13
 Stab: Sleeping          |     1 |       |       |       |       |       ||     1
       Distracted        |       |       |       |     1 |     2 |     4 ||     7
Armor: Animal skin       |     4 |       |       |       |       |       ||     4
       Ring mail         |     6 |       |       |       |       |       ||     6
       Chain mail        |    16 |   101 |   100 |       |       |       ||   217
       Scale mail        |       |       |    45 |   117 |   125 |       ||   287
       Plate armour      |       |       |       |       |   154 |   218 ||   372
Dodge: Dodged            |    30 |    74 |   149 |   118 |   254 |   121 ||   746
Block: Other             |       |       |       |       |    14 |    64 ||    78
       Reflection        |       |       |       |       |     2 |    10 ||    12

Table legend: (Time is in decaauts)
 A = Elapsed time spent in this place.
 B = Non-inter-level travel time spent in this place.
 C = Inter-level travel time spent in this place.
 D = Time resting spent in this place.
 E = Time spent auto-exploring this place.
 F = Levels seen in this place.
 G = Mean time per level.
                   A        B        C        D        E       F      G
               +--------+--------+--------+--------+--------+-----+--------+
         Total |  31201 |  29097 |   2104 |   2465 |  22706 |  29 | 1075.9 |
       Dungeon |  10459 |   9499 |    960 |    946 |   7221 |  10 | 1045.9 |
          Lair |   9292 |   8452 |    840 |    710 |   6698 |   6 | 1548.7 |
         Swamp |   4034 |   3924 |    110 |    436 |   3044 |   4 | 1008.5 |
     Snake Pit |   4681 |   4653 |     28 |    372 |   3802 |   4 | 1170.2 |
  Orcish Mines |   1583 |   1419 |    164 |      0 |   1108 |   2 |  791.5 |
         Sewer |    224 |    224 |      0 |      0 |    168 |   1 |  224.0 |
       Ossuary |    520 |    520 |      0 |      0 |    337 |   1 |  520.0 |
       Volcano |    404 |    404 |      0 |      0 |    327 |   1 |  404.0 |
               +--------+--------+--------+--------+--------+-----+--------+

Top non-repeatable levels by time:
 Snake:3: 2334 daAuts
  Lair:4: 2004 daAuts
  Lair:5: 1752 daAuts
  Lair:2: 1741 daAuts
     D:8: 1571 daAuts
 Swamp:4: 1474 daAuts
  Lair:6: 1414 daAuts
     D:9: 1382 daAuts
     D:6: 1227 daAuts
  Lair:1: 1218 daAuts
  Lair:3: 1160 daAuts
    D:10: 1088 daAuts
     D:5: 1067 daAuts
   Orc:2: 1063 daAuts
 Snake:1: 1059 daAuts
